 Dungeon Crawl Stone Soup version 0.30-a0-377-g5cb311bc9f (webtiles) character file.

Game seed: 8885620974067345086

12068 flotson the Trooper (level 11, -9/75 HPs)
             Began as a Demonspawn Delver on Nov 28, 2022.
             Was a Believer of Hepliaklqana.
             Mangled by a komodo dragon (19 damage)
             ... on level 1 of the Lair of Beasts.
             The game lasted 00:21:33 (11201 turns).

flotson the Trooper (Demonspawn Delver)            Turns: 11201, Time: 00:21:34

Health: -9/75      AC: 20    Str: 23    XL:     11   Next: 57%
Magic:  14/14      EV: 13    Int: 12    God:    Hepliaklqana [**....]
Gold:   709        SH:  9    Dex: 14    Spells: 10/10 levels left

rFire   . . .      SeeInvis .    a - +5 morningstar
rCold   + . .      Faith    .    n - +0 buckler
rNeg    . . .      Spirit   .    J - +0 swamp dragon scales
rPois   +          Reflect  .    k - +0 helmet
rElec   .          Harm     .    Q - +1 cloak {rCorr}
rCorr   +          Rampage  .    M - +1 pair of gloves
Will    .....                    (no boots)
Stlth   ++........               (no amulet)
HPRegen 0.32/turn                w - +6 ring of strength
MPRegen 0.14/turn                x - ring of protection from cold

@: no status effects
A: reduced essence, hooves 1, yellow scales 1, icemail 1, powered by pain 3,
condensation shield
a: Renounce Religion, Recall Ancestor, Ancestor Identity


You were on level 1 of the Lair of Beasts.
You worshipped Hepliaklqana.
Hepliaklqana was pleased with you.
You visited 3 branches of the dungeon, and saw 12 of its levels.

You collected 709 gold pieces.

Inventory:

Hand Weapons
 a - a +5 morningstar (weapon)
 b - a +1 sling of freezing
 c - a +0 broad axe
 H - a +2 antimagic whip
 P - a +2 spear of flaming
Missiles
 e - 42 poisoned darts
 v - 5 atropa-tipped darts (quivered)
Armour
 k - a +0 helmet (worn)
 n - a +0 buckler (worn)
 r - a +2 troll leather armour {Snorg}
 J - +0 swamp dragon scales (worn)
 M - a +1 pair of gloves (worn)
 Q - a +1 cloak of preservation (worn)
Jewellery
 w - a +6 ring of strength (left hand)
 x - a ring of protection from cold (right hand)
 N - a ring of fire
 O - a ring of flight
Wands
 d - a wand of charming (8)
 g - a wand of digging (2)
 h - a wand of quicksilver (4)
 A - a wand of roots (1)
 G - a wand of mindburst (11)
Scrolls
 i - 2 scrolls of silence {unknown}
 j - 7 scrolls of magic mapping
 m - 2 scrolls of fog
 o - a scroll of amnesia {unknown}
 p - 2 scrolls of blinking {unknown}
 q - a scroll of fear
 s - 2 scrolls of vulnerability {unknown}
 t - a scroll of summoning {unknown}
 u - 7 scrolls of teleportation {unknown}
 y - a scroll of torment {unknown}
 C - 4 scrolls of immolation {unknown}
 D - 2 scrolls of enchant armour {unknown}
 K - a scroll of poison {unknown}
Potions
 f - 4 potions of heal wounds
 l - a potion of mutation
 z - 3 potions of berserk rage
 B - a potion of curing
 E - a potion of might
 F - a potion of haste
 I - a potion of cancellation
 L - a potion of resistance {unknown}


   Skills:
 + Level 7.2 Fighting
 * Level 6.7(6.8) Axes
 - Level 1.7(4.5) Polearms
 - Level 4.0 Ranged Weapons
 + Level 5.7 Throwing
 + Level 6.0 Armour
 + Level 6.1 Dodging
 - Level 5.0 Stealth
 + Level 5.7 Shields
 + Level 4.5 Invocations
 + Level 6.4 Evocations


You had 10 spell levels left.
You didn't know any spells.
Your spell library contained the following spells:

 Spells                   Type           Power      Damage    Failure   Level
 Apportation              Tloc           0%         N/A       54%         1
 Foxfire                  Conj/Fire      0%         2x1d4     54%         1
 Kiss of Death            Conj/Necr      0%         2d5       54%         1
 Magic Dart               Conj           0%         1d3       54%         1
 Necrotise                Necr           0%         1d4       54%         1
 Summon Small Mammal      Summ           0%         N/A       54%         1
 Cigotuvi's Dreadful Rot  Necr/Pois/Air  0%         N/A       67%         2
 Poisonous Vapours        Pois/Air       0%         N/A       67%         2
 Searing Ray              Conj           0%         2d4       67%         2
 Confusing Touch          Hex            0%         N/A       88%         3
 Mephitic Cloud           Conj/Pois/Air  0%         N/A       88%         3
 Anguish                  Hex/Necr       0%         N/A       99%         4
 Dispel Undead            Necr           0%         3d6       99%         4
 Fulminant Prism          Conj/Hex       0%         3d5       99%         4
 Passage of Golubria      Tloc           0%         N/A       99%         4
 Alistair's Intoxication  Tmut/Pois      0%         N/A       100%        5
 Fireball                 Conj/Fire      0%         3d3       100%        5
 Silence                  Hex/Air        0%         N/A       100%        5
 Starburst                Conj/Fire      0%         6d3       100%        6
 Enfeeble                 Hex            0%         N/A       100%        7
 Lehudib's Crystal Spear  Conj/Erth      0%         10d2      100%        8


Dungeon Overview and Level Annotations

Branches:
Dungeon (10/15)            Temple (1/1) D:7            Lair (1/5) D:8
    Orc: D:9-12

Altars:
Ashenzari
Cheibriados
Dithmenos
Fedhas
Gozag
Hepliaklqana
Kikubaaqudgha
Makhleb
Nemelex Xobeh
Okawaru
Qazlal
Ru
Sif Muna
Trog
Uskayaw
Vehumet
Wu Jian
Xom
Yredelemnul


Innate Abilities, Weirdness & Mutations

Your life essence is reduced to manifest your ancestor. (-10% HP)
You have large cloven feet.
You are partially covered in yellow scales. (AC +2)
A meltable icy envelope protects you from harm. (AC +4)
You are powered by pain.
A meltable shield of frost defends you. (SH +4)


Message History

Nhalahla closely misses the komodo dragon.
You impale the komodo dragon!! You kick the komodo dragon.
The komodo dragon is severely wounded.
The komodo dragon completely misses you.
The komodo dragon barely misses you. The komodo dragon bites you!
Nhalahla gestures at the komodo dragon while chanting.
The stone arrow misses the komodo dragon.
The komodo dragon closely misses you.
You hit the komodo dragon. Your kick misses the komodo dragon.
The komodo dragon is severely wounded.
The komodo dragon barely misses you. The komodo dragon bites you!
Nhalahla hits the komodo dragon with a +0 quarterstaff.
You block the komodo dragon's attack. x2
Unknown command.
You are too injured to fight recklessly!
Unknown command.
You are too injured to fight recklessly!
Unknown command.
You are too injured to fight recklessly!
Unknown command.
You swap places.
The komodo dragon bites Nhalahla.
Nhalahla barely misses the komodo dragon.
The komodo dragon completely misses you.
The komodo dragon misses Nhalahla.
The komodo dragon bites Nhalahla!!
Nhalahla points at the komodo dragon and mumbles some strange words.
The stone arrow hits the komodo dragon!
Something bites Nhalahla!!
Nhalahla is destroyed!
The komodo dragon hisses angrily.
You hit the komodo dragon.
You kick the komodo dragon, but do no damage.
The komodo dragon is severely wounded.
The komodo dragon bites you but does no damage.
You hit the komodo dragon.
The komodo dragon is almost dead.
The komodo dragon bites you! The komodo dragon bites you!!
* * * LOW HITPOINT WARNING * * *
The komodo dragon attacks as you move away!
The komodo dragon bites you!!
You die...

#PP..~≈##~.#
##...≈~~≈..##..
##..............
#.....##...####
#.###.P##.†..###
#.P##..##.#R...#
#....##..##P.##
#....#....####
###.##l@.####
#.##.l###!#
#.##.l##l[#
#.#.....l.#..
#.##.##$###..
#..#######...
#.........#..
##.....P...P..
###.............


You could see 3 komodo dragons.

Vanquished Creatures
  Snorg (D:10)
  Harold (D:9)
  3 two-headed ogres
  Joseph (D:7)
  Maggie (D:6)
  3 wyverns
  3 yaks
  2 wraiths
  2 basilisks
  A water moccasin (D:7)
  Duvessa (D:7)
  2 sky beasts
  3 orc warriors
  6 ice beasts
  4 black bears
  2 ogres
  A wolf (D:7)
  3 centaurs
  A phantom (D:3)
  3 kobold brigands
  5 bullfrogs
  A gnoll sergeant (D:7)
  5 necrophages
  3 scorpions
  4 wights
  Dowan (D:7)
  3 killer bees (D:6)
  A howler monkey (D:7)
  A jelly (D:6)
  A gnoll bouda (D:7)
  3 orc priests
  7 hounds
  4 iguanas
  7 orc wizards
  12 gnolls
  7 adders
  4 white imps
  2 ufetubi (D:5)
  3 worms
  3 dart slugs (D:1)
  16 orcs
  4 ball pythons
  6 bats
  6 endoplasms
  2 giant cockroaches
  10 goblins
  5 hobgoblins
  8 jackals
  4 quokkas
  3 frilled lizards
  17 kobolds
  2 rats
204 creatures vanquished.

Vanquished Creatures (collateral kills)
  Nergalle (D:10)
  Maurice (D:10)
  A kobold demonologist (D:10)
  A troll (D:10)
  A hornet (D:10)
  A wyvern (D:9)
  A shadow (D:9)
  A wraith (D:10)
  A kobold brigand (D:10)
  6 wights
  A gnoll bouda (D:9)
  An iguana (Lair:1)
  A gnoll (D:9)
  A kobold (D:10)
19 creatures vanquished.

Vanquished Creatures (others)
  3 ancestors
  A battlemage (Lair:1)
  3 fungi
  16 plants
23 creatures vanquished.

Grand Total: 246 creatures vanquished

Notes
Turn   | Place    | Note
-------+----------+-------------------------------------------
     0 | D:5      | flotson the Demonspawn Delver began the quest for the Orb.
     0 | D:5      | Reached XP level 1. HP: 18/18 MP: 1/1
     9 | D:5      | Noticed an ogre
    17 | D:5      | Noticed a phantom
    19 | D:5      | Noticed an ice beast
   409 | D:2      | Gained mutation: A meltable shield of frost defends you.
                  | (SH +4) [demonic ancestry]
   409 | D:2      | Reached XP level 2. HP: 24/24 MP: 2/2
   547 | D:1      | Found a faded altar of an unknown god.
   661 | D:1      | Gained mutation: You are partially covered in yellow
                  | scales. (AC +2) [demonic ancestry]
   661 | D:1      | Reached XP level 3. HP: 29/29 MP: 3/3
  1000 | D:1      | Reached skill level 1 in Evocations
  1820 | D:3      | Gained mutation: You sometimes gain a little power by
                  | taking damage. [demonic ancestry]
  1820 | D:3      | Reached XP level 4. HP: 35/35 MP: 4/4
  1979 | D:3      | Reached skill level 1 in Armour
  1986 | D:3      | Reached skill level 1 in Ranged Weapons
  1991 | D:3      | Reached skill level 1 in Shields
  2186 | D:3      | Killed a phantom
  2187 | D:3      | Reached skill level 1 in Throwing
  2187 | D:3      | Gained mutation: You sometimes gain power by taking damage.
                  | [demonic ancestry]
  2187 | D:3      | Reached XP level 5. HP: 13/42 MP: 1/5
  2488 | D:4      | Found a basalt altar of Yredelemnul.
  2491 | D:4      | Found a snail-covered altar of Cheibriados.
  2518 | D:4      | Found an ancient bone altar of Kikubaaqudgha.
  2624 | D:4      | Found a large runed translucent door.
  2625 | D:4      | Found a large runed translucent door.
  2678 | D:4      | Reached skill level 5 in Stealth
  2765 | D:4      | Found a burning altar of Makhleb.
  3193 | D:4      | Found a sacrificial altar of Ru.
  3218 | D:4      | Found an ornate altar of the Wu Jian Council.
  3270 | D:5      | Killed an ogre
  3271 | D:5      | Gained mutation: A meltable icy envelope protects you from
                  | harm. (AC +4) [demonic ancestry]
  3271 | D:5      | Reached XP level 6. HP: 21/48 MP: 6/6
  3398 | D:5      | Killed an ice beast
  3399 | D:5      | Reached skill level 4 in Fighting
  3677 | D:5      | Reached XP level 7. HP: 54/54 MP: 7/7
  3896 | D:5      | Found a shimmering blue altar of Sif Muna.
  5046 | D:6      | Reached XP level 8. HP: 52/61 MP: 8/8
  5584 | D:6      | Reached skill level 5 in Fighting
  5718 | D:6      | Noticed Maggie
  5727 | D:6      | Killed Maggie
  5728 | D:6      | Reached skill level 1 in Axes
  5923 | D:6      | Reached XP level 9. HP: 67/68 MP: 9/9
  5968 | D:6      | Noticed a two-headed ogre
  5971 | D:6      | Found a radiant altar of Vehumet.
  6239 | D:6      | Killed a two-headed ogre
  6420 | D:7      | Noticed Joseph
  6441 | D:7      | Killed Joseph
  6729 | D:7      | Noticed Duvessa
  7120 | D:7      | Reached skill level 6 in Fighting
  7127 | D:7      | Reached skill level 5 in Evocations
  7127 | D:7      | Gained mutation: You are powered by pain. [demonic
                  | ancestry]
  7127 | D:7      | Reached XP level 10. HP: 64/76 MP: 10/10
  7137 | D:7      | Reached skill level 5 in Dodging
  7354 | D:7      | Found a staircase to the Ecumenical Temple.
  7363 | Temple   | Entered the Ecumenical Temple
  7531 | Temple   | Became a worshipper of Hepliaklqana the Forgotten
  7560 | D:7      | Noticed Dowan
  7787 | D:7      | Killed Duvessa
  7805 | D:7      | Killed Dowan
  8110 | D:8      | Noticed a two-headed ogre
  8182 | D:7      | Reached skill level 1 in Invocations
  8380 | D:7      | Reached skill level 5 in Axes
  8380 | D:7      | Reached skill level 5 in Armour
  8631 | D:8      | Found a staircase to the Lair.
  8806 | D:8      | Reached skill level 5 in Throwing
  8806 | D:8      | Reached skill level 5 in Shields
  8921 | D:8      | Killed a two-headed ogre
  9151 | D:8      | Found an iron altar of Okawaru.
  9185 | D:8      | Reached * piety under Hepliaklqana
  9745 | D:9      | Noticed a two-headed ogre
  9775 | D:9      | Noticed Harold
  9856 | D:8      | Killed a two-headed ogre
  9857 | D:8      | Gained mutation: You have large cloven feet. [demonic
                  | ancestry]
  9857 | D:8      | Reached XP level 11. HP: 18/74 MP: 13/13
 10063 | D:9      | Killed Harold
 10289 | D:9      | Found a shadowy altar of Dithmenos.
 10353 | D:10     | Entered Level 10 of the Dungeon
 10373 | D:10     | Noticed Snorg
 10382 | D:10     | Killed Snorg
 10558 | D:10     | Noticed Nergalle
 10571 | D:10     | Killed Nergalle
 10572 | D:10     | Reached skill level 7 in Fighting
 10628 | D:10     | Reached ** piety under Hepliaklqana
 10629 | D:10     | Remembered your ancestor Nhalahla as a battlemage
 10891 | D:10     | Noticed Maurice
 10906 | D:10     | Killed Maurice
 11140 | Lair:1   | Entered Level 1 of the Lair of Beasts
 11201 | Lair:1   | Mangled by a komodo dragon

Illustrated notes

Levels and vault maps discovered:
D:1:      dpeg_arrival_rhombus, layout_basic, nicolae_ecumenical_lake_church
D:2:      layout_basic, kennysheep_decorative_pillar, minmay_misc_feat_chi
D:3:      layout_rooms
D:4:      layout_basic, mainiacjoe_overflow_alcove_1, minitemple,
          mainiacjoe_overflow_six_doors_small, jmf_multi_god_temple2,
          serial_bayou_pond_a
D:5:      layout_basic, led_sif_pool
D:6:      minmay_recursive_quarters, layout_basic, lemuel_doored_altar,
          uniq_maggie
D:7:      minmay_octagon_keep, layout_rooms, minmay_temple_entry_stoned_glass,
          dreamdust_princess_corridor, minmay_large_rounded_square,
          uniq_duvessa, uniq_joseph
D:8:      layout_basic, okawaru_altar_gauntlet_db, minmay_lair_entry_grove
D:9:      layout_roguey, grunt_dithmenos_shadows, uniq_harold
D:10:     layout_cave_pools, hangedman_decor_growths, uniq_maurice,
          uniq_nergalle, uniq_snorg
Temple:   nicolae_temple_bog_church
Lair:1:   beast_lair_carwin_large_2, layout_gridlike, grunt_megastairs_2

Skill      XL: |  1  2  3  4  5  6  7  8  9 10 11 |
---------------+----------------------------------+-----
Dodging        | 2 3 4 5 6 |  6.1
Evocations     | 1 2 3 4 5 6 |  6.4
Armour         | 1 2 3 4 5 6 |  6.0
Ranged Weapons | 1 2 3 4 |  4.0
Shields        | 1 2 3 4 5 |  5.7
Throwing       | 1 2 3 4 5 |  5.7
Stealth        | 5 |  5.0
Fighting       | 4 5 6 7 |  7.2
Axes           | 2 4 5 6 |  6.7
Invocations    | 3 4 |  4.5
Polearms       | |  1.7

Action                   |  1- 3 |  4- 6 |  7- 9 | 10-12 || total
-------------------------+-------+-------+-------+-------++-------
Melee: Spear             |    28 |       |       |       ||    28
       War axe           |     7 |       |       |       ||     7
       Punch             |     1 |       |       |       ||     1
       Whip              |       |    16 |    38 |       ||    54
       Sling             |       |       |     2 |       ||     2
       Broad axe         |       |       |   151 |   205 ||   356
       Morningstar       |       |       |       |    83 ||    83
       Kick              |       |       |       |    27 ||    27
 Fire: Sling             |    99 |   158 |   232 |    26 ||   515
Throw: Dart              |       |       |     8 |    19 ||    27
Invok: Ancestor Life: Ba |       |       |       |     1 ||     1
Evoke: Wand              |       |     1 |     8 |     7 ||    16
  Use: Scroll            |     2 |       |     1 |    10 ||    13
       Potion            |     1 |       |       |       ||     1
 Stab: Sleeping          |     1 |       |       |     3 ||     4
       Distracted        |       |       |       |     2 ||     2
Armor: Leather armour    |     7 |       |       |       ||     7
       Scale mail        |    19 |    50 |   157 |       ||   226
       Swamp dragon scal |       |       |    75 |   168 ||   243
       Troll leather arm |       |       |       |    14 ||    14
Dodge: Dodged            |    53 |    58 |   237 |   251 ||   599
Block: Other             |     1 |       |       |       ||     1
       Buckler           |    18 |    44 |   170 |   214 ||   446

Table legend: (Time is in decaauts)
 A = Elapsed time spent in this place.
 B = Non-inter-level travel time spent in this place.
 C = Inter-level travel time spent in this place.
 D = Time resting spent in this place.
 E = Time spent auto-exploring this place.
 F = Levels seen in this place.
 G = Mean time per level.
                   A        B        C        D        E       F      G
               +--------+--------+--------+--------+--------+-----+--------+
         Total |  11639 |  11117 |    522 |    726 |   7595 |  12 |  969.9 |
       Dungeon |  11377 |  10897 |    480 |    726 |   7421 |  10 | 1137.7 |
        Temple |    197 |    156 |     41 |      0 |    146 |   1 |  197.0 |
          Lair |     64 |     64 |      0 |      0 |     28 |   1 |   64.0 |
               +--------+--------+--------+--------+--------+-----+--------+

Top non-repeatable levels by time:
     D:6: 2274 daAuts
     D:7: 1954 daAuts
     D:4: 1189 daAuts
     D:5: 1170 daAuts
     D:8: 1160 daAuts
     D:1: 831 daAuts
     D:9: 754 daAuts
    D:10: 736 daAuts
     D:3: 707 daAuts
     D:2: 597 daAuts
  Temple: 197 daAuts
  Lair:1: 64 daAuts
